 Dungeon Crawl Stone Soup version 0.28-a0-1447-ga5a8893891 (webtiles) character file.

Game seed: 3343924903276991216

175 HallandMoats the Skirmisher (level 5, 0/42 HPs)
             Began as a Demonspawn Fighter on Jan 12, 2022.
             Slain by an orc (2 damage)
             ... on level 3 of the Dungeon.
             The game lasted 00:02:18 (2554 turns).

HallandMoats the Skirmisher (Demonspawn Fighter)    Turns: 2554, Time: 00:02:20

Health: 0/42       AC:  7    Str: 18    XL:     5   Next: 29%
Magic:  5/5        EV:  9    Int:  9    God:
Gold:   131        SH:  4    Dex: 13    Spells: 4/4 levels left

rFire   . . .      SeeInvis .   a - +0 war axe
rCold   . . .      Faith    .   c - +0 buckler
rNeg    + . .      Spirit   .   b - +0 scale mail
rPois   .          Reflect  .   j - +0 helmet
rElec   .          Harm     .   (no cloak)
rCorr   .          Rampage  .   (no gloves)
Will    .....                   (no boots)
Stlth   ..........              (no amulet)
HPRegen 0.14/turn               g - ring of positive energy
MPRegen 0.09/turn               (no ring)

@: lethally poisoned (0 -> -12)
A: condensation shield, demonic magic 1
a: no special abilities


You were on level 3 of the Dungeon.
You visited 1 branch of the dungeon, and saw 3 of its levels.

You collected 131 gold pieces.

Inventory:

Hand Weapons
 a - a +0 war axe (weapon)
Armour
 b - a +0 scale mail (worn)
 c - a +0 buckler (worn)
 j - a +0 helmet (worn)
Jewellery
 g - a ring of positive energy (left hand)
Scrolls
 i - a scroll of immolation {unknown}
 k - a scroll of identify {unknown}
 l - 2 scrolls of teleportation {unknown}
 m - a scroll of magic mapping {unknown}
 n - a scroll of silence {unknown}
Potions
 d - 2 potions of might
 e - a potion of curing {unknown}
 f - a potion of lignification {unknown}
 h - a potion of flight {unknown}


   Skills:
 * Level 4.1 Fighting
 * Level 3.1 Axes
 + Level 3.1 Armour
 + Level 1.5 Dodging
 + Level 3.1 Shields


You had 4 spell levels left.
You didn't know any spells.
Your spell library was empty.

Dungeon Overview and Level Annotations

Branches:
Dungeon (3/15)

Altars:
Uskayaw

Shops:
D:1 [   D:3 [


Innate Abilities, Weirdness & Mutations

A meltable shield of frost defends you. (SH +0)
Spells you cast may paralyse adjacent enemies.


Message History

a +0 short sword; a +0 scale mail An orc wizard and 2 orcs come into view.
An orc is wielding a +3 whip of venom.
The orc shouts!
The orc wizard shouts!
The orc shouts!
An orc comes into view. It is wielding a +0 hand axe.
The orc shouts!
The orc throws a boomerang.
The boomerang closely misses you.
The orc wizard gestures at you while chanting.
The puff of flame hits you.
Your condensation shield dissipates!
The orc wizard gestures at you while chanting.
You resist with some effort.
You slash the orc wizard!
The orc wizard is heavily wounded.
The orc wizard barely misses you.
The orc wizard gestures at you while chanting.
You resist with some effort.
You slash the orc wizard!
You kill the orc wizard!
The orc throws a boomerang.
The boomerang barely misses you.
You barely miss the orc.
The orc hits you with a +3 whip of venom.
You are poisoned.
You barely miss the orc.
* * * LOW HITPOINT WARNING * * *
You feel very sick. The orc completely misses you. The orc barely misses you.
You hit the orc.
The orc is lightly wounded.
You feel sick.
The orc hits you with a +3 whip of venom.
* * * LOW HITPOINT WARNING * * *
You are more poisoned.
You closely miss the orc.
The orc is lightly wounded.
You hear the rapid rusting of a very distant drain.
* * * LOW HITPOINT WARNING * * *
You feel very sick.
The orc hits you with a +3 whip of venom.
You die...

...#########
#......@oo#
#########o#
#.####.## #o^.....#
#.####..#
##########.##
#...).≈.≈.o.#
...###.≈≈##'')##o#
........##...≈≈##≈.


You could see 3 orcs.

Vanquished Creatures
  An orc wizard (D:3)
  6 gnolls (D:3)
  3 adders (D:3)
  2 dart slugs
  2 orcs
  9 endoplasms
  6 giant cockroaches
  3 goblins
  4 hobgoblins
  3 jackals (D:1)
  8 kobolds
  2 quokkas
  3 ball pythons
  5 bats
  A frilled lizard (D:1)
  3 rats
61 creatures vanquished.

Notes
Turn   | Place    | Note
-------+----------+-------------------------------------------
     0 | D:1      | HallandMoats the Demonspawn Fighter began the quest for the
                  | Orb.
     0 | D:1      | Reached XP level 1. HP: 18/18 MP: 1/1
   443 | D:1      | Gained mutation: Spells you cast may paralyse adjacent
                  | enemies. [demonic ancestry]
   443 | D:1      | Reached XP level 2. HP: 24/24 MP: 2/2
   949 | D:1      | Found Vini's Antique Armour Emporium.
  1201 | D:1      | Gained mutation: A meltable shield of frost defends you.
                  | (SH +0) [demonic ancestry]
  1201 | D:1      | Reached XP level 3. HP: 23/29 MP: 3/3
  1660 | D:2      | Found a hide-covered altar of Uskayaw.
  1950 | D:3      | Reached skill level 1 in Dodging
  2173 | D:3      | Reached XP level 4. HP: 37/37 MP: 4/4
  2419 | D:3      | Found Romoxtos's Armour Shoppe.
  2489 | D:3      | Found a faded altar of an unknown god.
  2524 | D:3      | Reached XP level 5. HP: 15/42 MP: 5/5
  2530 | D:3      | Reached skill level 4 in Fighting
  2554 | D:3      | HP: 2/42 [poisoned by an orc]
  2554 | D:3      | Slain by an orc

Illustrated notes

Levels and vault maps discovered:
D:1:      minmay_arrival_hallway, layout_basic, serial_shops, shop
D:2:      layout_rooms, basic_altar, minmay_circled_x
D:3:      layout_loops_ring, serial_shops,
          nicolae_shop_temple_entry_statues_fountains, nicolae_lakefront_shop,
          lightli_sewer_entry_pipes, dreamdust_ecumenical_altar_drowned_temple,
          minmay_misc_feat_x, grunt_ministairs_8

Skill      XL: |  1  2  3  4  5 |
---------------+----------------+-----
Axes           | 2 3 |  3.1
Dodging        | 1 |  1.5
Shields        | 3 |  3.1
Armour         | 3 |  3.1
Fighting       | 4 |  4.1

Action                   |  1- 3 |  4- 6 || total
-------------------------+-------+-------++-------
Melee: War axe           |   133 |    42 ||   175
Armor: Scale mail        |    69 |    12 ||    81
Dodge: Dodged            |    67 |    21 ||    88
Block: Buckler           |    45 |    19 ||    64

Table legend: (Time is in decaauts)
 A = Elapsed time spent in this place.
 B = Non-inter-level travel time spent in this place.
 C = Inter-level travel time spent in this place.
 D = Time resting spent in this place.
 E = Time spent auto-exploring this place.
 F = Levels seen in this place.
 G = Mean time per level.
                   A        B        C        D        E       F      G
               +--------+--------+--------+--------+--------+-----+--------+
         Total |   2629 |   2569 |     60 |      0 |   2095 |   3 |  876.3 |
       Dungeon |   2629 |   2569 |     60 |      0 |   2095 |   3 |  876.3 |
               +--------+--------+--------+--------+--------+-----+--------+

Top non-repeatable levels by time:
     D:1: 1392 daAuts
     D:3: 661 daAuts
     D:2: 575 daAuts
